 Dungeon Crawl Stone Soup version 0.30-a0-457-g4b7bca3bfa (webtiles) character file.

Game seed: 12101666890937037159

31 ComCon the Trooper (level 3, -3/35 HPs)
             Began as a Minotaur Berserker on Dec 12, 2022.
             Was a Follower of Trog.
             Slain by Terence
             ... wielding a +0 hand axe
              (6 damage)
             ... on level 1 of the Dungeon.
             The game lasted 00:13:53 (979 turns).

ComCon the Trooper (Minotaur Berserker)              Turns: 979, Time: 00:13:54

Health: -3/35      AC:  3    Str: 22 (23) XL:     3   Next: 7%
Magic:  2/2        EV: 12    Int:  1 (4)  God:    Trog [*.....]
Gold:   36         SH:  0    Dex:  7 (9)  Spells: 2/2 levels left

rFire   + . .      SeeInvis .    a - +0 hand axe
rCold   . . .      Faith    .    (no shield)
rNeg    . . .      Spirit   .    b - +0 animal skin
rPois   .          Reflect  .    (helmet restricted)
rElec   .          Harm     .    (no cloak)
rCorr   .          Rampage  .    e - +0 pair of gloves
Will    .....                    (no boots)
Stlth   +.........               (no amulet)
HPRegen 0.25/turn                j - ring of protection from fire
MPRegen 0.08/turn                (no ring)

@: no status effects
A: horns 2, retaliatory headbutt
a: Renounce Religion, Berserk


You were on level 1 of the Dungeon.
You worshipped Trog.
Trog was aware of your devotion.
You visited 1 branch of the dungeon, and saw 2 of its levels.

You collected 36 gold pieces.

Inventory:

Hand Weapons
 a - a +0 hand axe (weapon)
 d - a +0 spear
 f - a +0 club
 h - a +0 dagger of flaming
 i - a +0 short sword
 m - a +0 club
Missiles
 p - 3 atropa-tipped darts (quivered)
Armour
 b - a +0 animal skin (worn)
 e - a +0 pair of gloves (worn)
 o - a +0 ring mail
Jewellery
 j - a ring of protection from fire (left hand)
Scrolls
 c - 2 scrolls of enchant weapon {unknown}
 g - a scroll of fog {unknown}
 k - 2 scrolls of identify {unknown}
 l - a scroll of amnesia {unknown}


   Skills:
 + Level 4.8 Fighting
 - Level 3.9 Axes
 - Level 2.4 Armour
 - Level 2.2 Dodging


You had 2 spell levels left.
You didn't know any spells.
Your spell library was empty.

Dungeon Overview and Level Annotations

Branches:
Dungeon (2/15)

Altars:

Annotations:
D:1 Terence


Innate Abilities, Weirdness & Mutations

You have a pair of horns on your head.
You reflexively headbutt those who attack you in melee.


Message History

Terence closely misses you. Terence hits you but does no damage.
You hit Terence but do no damage. Your headbutt misses Terence.
Terence is moderately wounded.
Terence closely misses you.
You hit Terence but do no damage.
Terence is moderately wounded.
Terence hits you with a +0 hand axe.
You hit Terence.
Terence is heavily wounded.
Terence closely misses you.
You barely miss Terence. Your headbutt misses Terence.
Terence is heavily wounded.
Terence hits you with a +0 hand axe.
You are too injured to fight recklessly!
You are too injured to fight recklessly!
You are too injured to fight recklessly!
You are too injured to fight recklessly!
You barely miss Terence.
Terence is heavily wounded.
Terence hits you with a +0 hand axe.
You completely miss Terence.
Terence is heavily wounded.
Terence hits you with a +0 hand axe.
* * * LOW HITPOINT WARNING * * *
Terence attacks as you move away! Terence hits you with a +0 hand axe.
* * * LOW HITPOINT WARNING * * *
You see here a jackal corpse.
You see here a jackal corpse.
Terence attacks as you move away! Terence hits you with a +0 hand axe.
* * * LOW HITPOINT WARNING * * *
There is a stone staircase leading up here.
Terence hits you with a +0 hand axe.
* * * LOW HITPOINT WARNING * * *
You climb upwards.
There is a stone staircase leading down here.
It was a potion of degeneration.
There was something very wrong with that liquid.
You feel weakened.
You feel dopey.
You feel clumsy. Terence hits you with a +0 hand axe.
You die...

## #.......# # #.......# ########
##### #.......# ##.......
....###########.......###.#.#.#.#
#.......................>........
#.).########..........###.#.#.#.#
#...# #.......#####.........
....########......## ##.#.#.#.#
#...#.......)...@.######.........
#...#.......###@.......##.#.#.#.#
#...#.......# ##...###...........
....#.......# #...###..#.#.#.#.#
###.#.......# ##.#.....##........
# #.#.......# #..#..######.......
#.#....######.##|)######.......
#...#..# ##..##......##...#.##
###.##..## #..####............#


You could see Terence.

Vanquished Creatures
  A dart slug (D:1)
  4 bats (D:1)
  2 endoplasms (D:1)
  2 hobgoblins (D:1)
  4 jackals
  3 ball pythons (D:1)
  5 goblins (D:1)
  3 kobolds (D:1)
  4 rats (D:1)
28 creatures vanquished.

Notes
Turn   | Place    | Note
-------+----------+-------------------------------------------
     0 | D:1      | ComCon the Minotaur Berserker began the quest for the Orb.
     0 | D:1      | Reached XP level 1. HP: 19/19 MP: 0/0
   234 | D:1      | Reached skill level 4 in Fighting
   234 | D:1      | Reached XP level 2. HP: 15/27 MP: 1/1
   955 | D:2      | Reached XP level 3. HP: 32/35 MP: 2/2
   960 | D:2      | Noticed Terence
   979 | D:1      | Slain by Terence

Illustrated notes

Levels and vault maps discovered:
D:1:      dpeg_arrival_simpleton_b, layout_rooms, minmay_stone_trees_medium,
          nicolae_concentric_dashed_squares_mild, st_stairs_9
D:2:      layout_basic, uniq_terence

Skill      XL: |  1 |
---------------+----+-----
Fighting       | 4 |  4.8
Axes           | |  3.9
Armour         | |  2.4
Dodging        | |  2.2

Action                   || total
-------------------------++-------
Melee: Hand axe          ||    59
       Headbutt          ||     8
  Use: Potion            ||     1
Armor: Animal skin       ||    13
Dodge: Dodged            ||    46

Table legend: (Time is in decaauts)
 A = Elapsed time spent in this place.
 B = Non-inter-level travel time spent in this place.
 C = Inter-level travel time spent in this place.
 D = Time resting spent in this place.
 E = Time spent auto-exploring this place.
 F = Levels seen in this place.
 G = Mean time per level.
                   A        B        C        D        E       F      G
               +--------+--------+--------+--------+--------+-----+--------+
         Total |    985 |    537 |    448 |      0 |    249 |   2 |  492.5 |
       Dungeon |    985 |    537 |    448 |      0 |    249 |   2 |  492.5 |
               +--------+--------+--------+--------+--------+-----+--------+

Top non-repeatable levels by time:
     D:1: 950 daAuts
     D:2: 34 daAuts
